 Dungeon Crawl Stone Soup version 0.32-a0-999-gfa1cc04b1d (webtiles) character file.

Game seed: 7033985307588689997

4797 GiantSquids the Covert (level 10, -1/94 HPs)
             Began as an Octopode Berserker on Apr 25, 2024.
             Was an Elder of Trog.
             Slain by a cyclops (17 damage)
             ... on level 7 of the Dungeon.
             The game lasted 00:16:32 (4811 turns).

GiantSquids the Covert (Octopode Berserker)         Turns: 4811, Time: 00:16:33

Health: -1/94      AC:  1    Str: 19    XL:     10   Next: 48%
Magic:  10/10      EV: 14    Int: 10    God:    Trog [****..]
Gold:   344        SH:  0    Dex: 24    Spells: 9/9 levels left

rFire   + . .        p - +10 dagger of Fyjeavvass {elec, rF+ Dex+5}
rCold   . . .        (no shield)
rNeg    . . .        (helmet restricted)
rPois   .            m - amulet of regeneration
rElec   .            f - +6 ring of dexterity
rCorr   .            (no ring)
SInv    .            (no ring)
Will    .....        (no ring) Stlth
                     (no ring)
HPRegen 1.15/turn    (no ring)
MPRegen 0.12/turn    (no ring)
                     (no ring)

%: no passive effects
@: berserking, very quick
A: almost no armour, amphibious, 8 rings, camouflage 1, gelatinous body 1,
(nimble swimmer 1), tentacles
a: Renounce Religion, Berserk, Trog's Hand, Brothers in Arms


You were on level 7 of the Dungeon.
You worshipped Trog.
Trog was greatly pleased with you.
You visited 1 branch of the dungeon, and saw 7 of its levels.

You collected 394 gold pieces.
You spent 50 gold pieces at shops.

Inventory:

Hand Weapons
 p - the +10 dagger of Fyjeavvass (weapon) {elec, rF+ Dex+5}
   (You found it on level 3 of the Dungeon)

   Dex+5:     It affects your dexterity (+5).
   rF+:       It protects you from fire.
Missiles
 i - 9 poisoned darts (quivered)
 u - 3 throwing nets
Armour
 z - a +0 scale mail
Jewellery
 b - a ring of magical power
 f - a +6 ring of dexterity (left tentacle)
 m - an amulet of regeneration (around mantle)
Wands
 q - a wand of mindburst (11)
 w - a wand of polymorph (11)
 A - a wand of digging (5)
Scrolls
 a - 5 scrolls of enchant armour {unknown}
 c - 3 scrolls of teleportation
 d - a scroll of immolation
 e - 2 scrolls of amnesia {unknown}
 k - a scroll of brand weapon
 n - a scroll of fear
 r - 5 scrolls of noise {unknown}
 t - a scroll of revelation {unknown}
 v - 2 scrolls of vulnerability {unknown}
 y - 3 scrolls of identify
Potions
 g - 4 potions of curing
 h - 3 potions of might {unknown}
 j - 3 potions of brilliance {unknown}
 l - 2 potions of degeneration {unknown}
 o - a potion of mutation {unknown}
 s - 2 potions of cancellation {unknown}
 x - 2 potions of lignification {unknown}


   Skills:
 - Level 3.0 Fighting
 * Level 11.4 Short Blades
 - Level 3.0 Dodging
 + Level 12.3 Stealth
 - Level 5.2 Unarmed Combat


You had 9 spell levels left.
You didn't know any spells.
Your spell library was empty.

Dungeon Overview and Level Annotations

Branches:
Dungeon (7/15)             Temple (0/1) D:4

Altars:
Ashenzari
Cheibriados
Qazlal
Sif Muna
Trog
Xom

Shops:
D:5 :*


Innate Abilities, Weirdness & Mutations

You cannot wear most types of armour.
You are amphibious.
You can wear up to eight rings at the same time.
Your skin changes colour to match your surroundings (Stealth+).
Your rubbery body absorbs attacks. (AC +1, EV +1)
((You are camouflaged when in or above water. (Stealth+)))
You have tentacles for arms and can constrict up to eight enemies at once.


Message History

Found a stone staircase leading down.
There is a stone staircase leading down here.
Trog will no longer gift you weapons.
There is an open door here.
c - 3 scrolls of teleportation (gained 1)
A boulder beetle comes into view.
Found a runed rapier and a glowing rapier.
You see here a +2 rapier of venom.
You see here a +2 rapier of venom.
The helpless boulder beetle fails to defend itself.
You stick the boulder beetle like a pincushion!!!!
You kill the boulder beetle!
Trog accepts your kill.
Your Short Blades skill increases to level 11!
Your Stealth skill increases to level 12!
Something hits you!
Deactivating autopickup; reactivate with Ctrl-A.
Something hits you.
You closely miss something. Something hits you. Something barely misses you.
You puncture something! Lightning courses through something!
You squeeze something! You puncture something! You squeeze something.
Something hits you!
A cyclops comes into view.
Something hits you! x2
You miss something.
The cyclops shouts!
You hear a roar!
Something hits you!
* * * LOW HITPOINT WARNING * * *
Okay, then.
A red film seems to cover your vision as you go berserk!
You feel yourself moving faster!
You feel mighty! Something barely misses you. Something hits you.
* * * LOW HITPOINT WARNING * * *
You puncture something! Lightning courses through something!
You feel the power of Trog in you as your rage grows.
Trog accepts your kill.
Reactivating autopickup.
You feel a bit more experienced. The cyclops hits you!
You die...

...###+###..#..###'###....##...#
..##.....##...##..##.##....#####
.##..#.#..##.##.###)#.##...#
##..##.##..###)##).###.##..#
#..#.....#..#.##.### ##.#..# .
#.##.....##.#.#.## #.#..####..
'...........'.#.# #.'........
#.##..(..##.#.#.## #.#......).
#..#.....#..#.##@# ##.#........
##..##.##..###.##C..##.##.#......
.##..#.#..## ##.#####.##..#......
..##.....## ##.....##..##.#####
#..###'### ###'###..###.#
..##.#)#.## ##.....##..#..#
.##.#)#†#.## #....#..##...##
##.#.#.#.#.###..#..##..##..#
#.#.#.#.#.#.#..##.)###..#..#


You could see a cyclops.

Vanquished Creatures
  A boulder beetle (D:7)
  An ugly thing (D:7)
  An unseen horror (D:7)
  5 yaks (D:6)
  A steam dragon (D:7)
  An acid dragon (D:7)
  An ice beast (D:7)
  A black bear (D:5)
  2 sky beasts
  3 ogres
  4 phantoms
  3 bullfrogs
  4 scorpions
  5 wights (D:7)
  A killer bee (D:7)
  A howler monkey (D:4)
  2 jellies
  2 gnoll boudas
  2 hounds (D:5)
  4 orc priests
  4 iguanas
  Ijyb (D:5)
  A sleepcap (D:5)
  6 orc wizards
  Robin (D:2)
  12 gnolls
  6 adders
  A shadow imp (D:6)
  A white imp (D:3)
  2 ufetubi (D:6)
  2 ribbon worms
  A dart slug (D:4)
  16 orcs
  12 bats
  11 endoplasms
  8 giant cockroaches
  17 goblins
  5 hobgoblins
  10 kobolds
  4 quokkas
  10 ball pythons
  3 frilled lizards
  5 rats
184 creatures vanquished.

Notes
Turn   | Place    | Note
-------+----------+-------------------------------------------
     0 | D:1      | GiantSquids the Octopode Berserker began the quest for the
                  | Orb.
     0 | D:1      | Reached XP level 1. HP: 16/16 MP: 1/1
    93 | D:1      | Reached skill level 1 in Stealth
    95 | D:1      | Reached XP level 2. HP: 19/21 MP: 2/2
    96 | D:1      | Found a faded altar of an unknown god.
   264 | D:1      | Reached skill level 2 in Stealth
   268 | D:1      | Reached XP level 3. HP: 19/26 MP: 3/3
   601 | D:2      | Reached ** piety under Trog
   689 | D:2      | Noticed Robin
   705 | D:2      | Killed Robin
   710 | D:2      | Reached XP level 4. HP: 8/31 MP: 4/4
   869 | D:2      | Reached skill level 3 in Stealth
   979 | D:2      | Found a shimmering altar of Xom.
  1386 | D:2      | Reached XP level 5. HP: 36/36 MP: 5/5
  1413 | D:3      | Reached *** piety under Trog
  1419 | D:3      | Reached skill level 5 in Unarmed Combat
  1464 | D:3      | Reached skill level 4 in Stealth
  1549 | D:3      | Identified the +10 dagger of Fyjeavvass {elec, rF+ Dex+5}
  2000 | D:4      | Reached skill level 1 in Short Blades
  2049 | D:4      | Reached XP level 6. HP: 42/42 MP: 6/6
  2143 | D:4      | Reached skill level 5 in Stealth
  2181 | D:4      | Reached XP level 7. HP: 46/46 MP: 7/7
  2185 | D:4      | Reached **** piety under Trog
  2291 | D:4      | Found a staircase to the Ecumenical Temple.
  2479 | D:5      | Entered Level 5 of the Dungeon
  2512 | D:5      | Found Oggash's General Store.
  2516 | D:5      | Bought a scroll of identify for 20 gold pieces
  2516 | D:5      | Bought a potion of curing for 30 gold pieces
  2587 | D:5      | Reached skill level 6 in Stealth
  2681 | D:5      | Noticed Ijyb
  2686 | D:5      | Killed Ijyb
  2782 | D:5      | Reached skill level 5 in Short Blades
  2975 | D:5      | Reached skill level 7 in Stealth
  2978 | D:5      | Reached XP level 8. HP: 34/52 MP: 8/8
  3035 | D:5      | Found Goquluy's Book Shop.
  3343 | D:6      | Reached skill level 8 in Stealth
  3576 | D:6      | Found a bloodstained altar of Trog.
  3577 | D:6      | Found a broken altar of Ashenzari.
  3580 | D:6      | Found a stormy altar of Qazlal.
  3965 | D:6      | Noticed a yak
  3965 | D:6      | Noticed a yak
  4001 | D:6      | Noticed a yak
  4002 | D:6      | Noticed a yak
  4003 | D:6      | Noticed a yak
  4006 | D:6      | Killed a yak
  4008 | D:6      | Killed a yak
  4009 | D:6      | Reached skill level 9 in Stealth
  4011 | D:6      | Killed a yak
  4012 | D:6      | Reached XP level 9. HP: 56/56 MP: 9/9
  4019 | D:6      | Found a shimmering blue altar of Sif Muna.
  4021 | D:6      | Found a snail-covered altar of Cheibriados.
  4071 | D:7      | Reached skill level 10 in Stealth
  4125 | D:7      | Noticed a white ugly thing
  4199 | D:7      | Killed a white ugly thing
  4426 | D:7      | Reached skill level 10 in Short Blades
  4426 | D:7      | Reached skill level 11 in Stealth
  4439 | D:7      | Reached XP level 10. HP: 63/63 MP: 10/10
  4617 | D:7      | Reached ***** piety under Trog
  4796 | D:7      | Noticed a boulder beetle
  4801 | D:7      | Killed a boulder beetle
  4802 | D:7      | Reached skill level 12 in Stealth
  4807 | D:7      | Noticed a cyclops
  4810 | D:7      | Killed an unseen horror
  4811 | D:7      | Slain by a cyclops

Illustrated notes

Levels and vault maps discovered:
D:1:      lightli_arrival_isolated_outpost, layout_basic,
          ebering_ecumenical_altar_webs, st_stairs_5
D:2:      minmay_chambers_of_twos, layout_loops_ring, basic_altar,
          kennysheep_doodads, uniq_robin
D:3:      layout_loops_cross
D:4:      layout_rooms, minmay_temple_entry_antechambers,
          chequers_serial_rivers_micro_e
D:5:      layout_loops_ring, serial_shops, shop, nicolae_stop_n_shop_1,
          minivault_27, minivault_14, uniq_ijyb
D:6:      layout_basic, nicolae_overflow_hidden_temple
D:7:      minmay_the_grid_octo_2x2 [minmay_the_grid_octo_pinwheel,
          minmay_the_grid_octo_checkered, minmay_the_grid_octo_horde,
          minmay_the_grid_octo_prize_single_spiral], layout_basic

Skill      XL: |  1  2  3  4  5  6  7  8  9 10 |
---------------+-------------------------------+-----
Stealth        | 1 2 3 4 5 7 9 11 12 | 12.3
Unarmed Combat | 4 5 |  5.2
Short Blades   | 1 3 5 8 10 11 | 11.4
Fighting       | |  3.0
Dodging        | |  3.0

Action                     |  1- 3 |  4- 6 |  7- 9 | 10-12 || total
---------------------------+-------+-------+-------+-------++-------
  Melee: Unarmed           |    68 |    57 |       |       ||   125
         Constrict         |    19 |    26 |    21 |     2 ||    68
         Tentacles         |    19 |    23 |    31 |     7 ||    80
         Punch             |     2 |     3 |       |       ||     5
         Dagger            |       |    43 |   130 |    36 ||   209
  Throw: Dart              |       |     1 |     1 |     3 ||     5
 Invoke: Berserk           |     1 |       |     3 |     1 ||     5
    Use: Scroll            |       |       |     4 |       ||     4
   Stab: Sleeping          |     5 |    22 |    13 |     8 ||    48
         Distracted        |       |       |     1 |       ||     1
 Armour: Skin              |    32 |    30 |    50 |    16 ||   128
  Dodge: Dodged            |    31 |    52 |    58 |     8 ||   149

Table legend: (Time is in decaauts)
 A = Elapsed time spent in this place.
 B = Non-inter-level travel time spent in this place.
 C = Inter-level travel time spent in this place.
 D = Time resting spent in this place.
 E = Time spent auto-exploring this place.
 F = Levels seen in this place.
 G = Mean time per level.
                   A        B        C        D        E       F      G
               +--------+--------+--------+--------+--------+-----+--------+
         Total |   4766 |   4615 |    151 |    156 |   3170 |   7 |  680.9 |
       Dungeon |   4766 |   4615 |    151 |    156 |   3170 |   7 |  680.9 |
               +--------+--------+--------+--------+--------+-----+--------+

Top non-repeatable levels by time:
     D:6: 835 daAuts
     D:2: 834 daAuts
     D:7: 738 daAuts
     D:5: 719 daAuts
     D:3: 575 daAuts
     D:1: 570 daAuts
     D:4: 494 daAuts
